 Dungeon Crawl Stone Soup version 0.30-a0-23-ge60ba3568b (webtiles) character file.

Game seed: 11406354399583741695

56 purpskrrrp the Sneak (level 3, -2/18 HPs)
             Began as a Spriggan Brigand on Aug 24, 2022.
             Slain by a phantom (3 damage)
             ... on level 3 of the Dungeon.
             The game lasted 00:04:28 (1999 turns).

purpskrrrp the Sneak (Spriggan Brigand)             Turns: 1999, Time: 00:04:29

Health: -2/18      AC:  3    Str:  7    XL:     3   Next: 69%
Magic:  1/1        EV: 17    Int: 12    God:
Gold:   119        SH:  0    Dex: 18    Spells: 2/2 levels left

rFire   . . .      SeeInvis +    o - +2 short sword (antimagic)
rCold   . . .      Faith    .    (no shield)
rNeg    . . .      Spirit   .    b - +0 robe
rPois   .          Reflect  .    (helmet restricted)
rElec   .          Harm     .    c - +0 cloak
rCorr   .          Rampage  .    (gloves unavailable)
Will    .....                    (boots unavailable)
Stlth   ++++......               (no amulet)
HPRegen 0.06/turn                (no ring)
MPRegen 0.07/turn                (no ring)

@: very quick
A: very small, no large weapons, unfitting armour, see invisible, speed 3
a: no special abilities


You were on level 3 of the Dungeon.
You visited 1 branch of the dungeon, and saw 3 of its levels.

You collected 119 gold pieces.

Inventory:

Hand Weapons
 a - a +2 dagger
 o - a +2 antimagic short sword (weapon)
Missiles
 d - 8 poisoned darts (quivered)
 e - 3 curare-tipped darts
Armour
 b - a +0 robe (worn)
 c - a +0 cloak (worn)
Scrolls
 f - a scroll of magic mapping {unknown}
 g - a scroll of teleportation {unknown}
 j - 2 scrolls of identify {unknown}
 n - a scroll of vulnerability {unknown}
Potions
 h - 3 potions of might {unknown}
 i - a potion of brilliance {unknown}
 k - a potion of cancellation {unknown}
 l - a potion of haste {unknown}
 m - a potion of berserk rage {unknown}
 p - a potion of mutation {unknown}
 q - a potion of flight {unknown}
 r - a potion of ambrosia {unknown}


   Skills:
 + Level 2.0 Fighting
 + Level 2.7 Short Blades
 - Level 2.0 Throwing
 + Level 2.5 Dodging
 * Level 6.8 Stealth


You had 2 spell levels left.
You didn't know any spells.
Your spell library contained the following spells:

 Spells                   Type           Power      Damage    Failure   Level
 Beastly Appendage        Tmut           0%         N/A       32%         1
 Magic Dart               Conj           0%         1d3       32%         1
 Call Imp                 Summ           0%         N/A       45%         2
 Wereblood                Tmut           0%         N/A       45%         2
 Dazzling Flash           Conj/Hex       0%         N/A       69%         3
 Mephitic Cloud           Conj/Pois/Air  0%         N/A       69%         3
 Spider Form              Tmut/Pois      0%         N/A       69%         3
 Iskenderun's Mystic Bla  Conj/Tloc      0%         2d3       97%         4
 Starburst                Conj/Fire      0%         6d3       100%        6


Dungeon Overview and Level Annotations

Branches:
Dungeon (3/15)

Altars:
Trog

Shops:
D:2 [


Innate Abilities, Weirdness & Mutations

You are very small and have problems with some larger weapons.
You are too small for most types of armour.
You have supernaturally acute eyesight. (SInv)
You cover ground extremely quickly. (Speed+++)


Message History

You blink.
Found a scroll labelled ITESEO SYFU.
You are too injured to fight recklessly!
You are too injured to fight recklessly!
You are too injured to fight recklessly!
You are too injured to fight recklessly!
You are too injured to fight recklessly!
You are too injured to fight recklessly!
You are too injured to fight recklessly!
You are too injured to fight recklessly!
You are too injured to fight recklessly!
You are too injured to fight recklessly!
You are too injured to fight recklessly!
You are too injured to fight recklessly!
You are too injured to fight recklessly!
You are too injured to fight recklessly!
You are too injured to fight recklessly!
You are too injured to fight recklessly!
Okay, then.
Okay, then.
You barely miss the phantom.
The phantom is heavily damaged.
The phantom hits you but does no damage.
You barely miss the phantom.
The phantom is heavily damaged.
The phantom hits you.
* * * LOW HITPOINT WARNING * * *
The phantom blinks!
You blink.
You hit the phantom.
The phantom is heavily damaged.
The phantom barely misses you.
You barely miss the phantom.
The phantom is heavily damaged.
The phantom completely misses you.
You barely miss the phantom.
The phantom is heavily damaged.
The phantom hits you but does no damage.
You closely miss the phantom.
The phantom is heavily damaged.
The phantom hits you.
You die...

...... .##
#....##..###
..#.........# #
........$.... .#
.............. #
..# .............
.#...#
....†........
#....
.............
###..#
............#
#W@..#
......#?...#
#..##.#
##.##§#o#..#...#
# #...b)o...o.##
####oo.##.b..?...
##...o.##..... #
o..... #...
.....# .. .....#
.


You could see a phantom, 2 orcs and a bat.

Vanquished Creatures
  2 orcs
  2 ball pythons
  8 bats
  4 endoplasms
  6 goblins
  A hobgoblin (D:1)
  7 jackals
  4 kobolds
  2 quokkas
  6 frilled lizards
  5 rats
47 creatures vanquished.

Vanquished Creatures (others)
  4 plants
4 creatures vanquished.

Grand Total: 51 creatures vanquished

Notes
Turn   | Place    | Note
-------+----------+-------------------------------------------
     0 | D:1      | purpskrrrp the Spriggan Brigand began the quest for the
                  | Orb.
     0 | D:1      | Reached XP level 1. HP: 10/10 MP: 2/2
    57 | D:1      | Reached skill level 6 in Stealth
    80 | D:1      | Reached XP level 2. HP: 5/15 MP: 3/3
  1141 | D:1      | Reached XP level 3. HP: 18/18 MP: 4/4
  1187 | D:1      | Found a faded altar of an unknown god.
  1512 | D:2      | Found Jidilom's Antique Armour Boutique.
  1516 | D:2      | Found a bloodstained altar of Trog.
  1984 | D:3      | Noticed a phantom
  1999 | D:3      | Slain by a phantom

Illustrated notes

Levels and vault maps discovered:
D:1:      erik_arrival_orb_chamber, layout_basic,
          shapermc_ecumenical_altar_hornbeckon, minmay_stone_trees_medium,
          chequers_avenue
D:2:      layout_rooms, serial_shops, nicolae_shop_overgrown_old_shop,
          basic_altar
D:3:      layout_rooms, portal_sewer_entry_b, uniq_ijyb

Skill      XL: |  1  2  3 |
---------------+----------+-----
Stealth        | 6 |  6.8
Dodging        | 2 |  2.5
Fighting       | 2 |  2.0
Short Blades   | |  2.7
Throwing       | |  2.0

Action                   || total
-------------------------++-------
Melee: Dagger            ||   122
       Punch             ||     1
       Short sword       ||    21
Throw: Dart              ||     2
 Stab: Sleeping          ||    14
       Distracted        ||     1
Armor: Robe              ||    26
Dodge: Dodged            ||   122

Table legend: (Time is in decaauts)
 A = Elapsed time spent in this place.
 B = Non-inter-level travel time spent in this place.
 C = Inter-level travel time spent in this place.
 D = Time resting spent in this place.
 E = Time spent auto-exploring this place.
 F = Levels seen in this place.
 G = Mean time per level.
                   A        B        C        D        E       F      G
               +--------+--------+--------+--------+--------+-----+--------+
         Total |   1464 |   1445 |     19 |    179 |    960 |   3 |  488.0 |
       Dungeon |   1464 |   1445 |     19 |    179 |    960 |   3 |  488.0 |
               +--------+--------+--------+--------+--------+-----+--------+

Top non-repeatable levels by time:
     D:1: 952 daAuts
     D:2: 475 daAuts
     D:3: 36 daAuts
